 Dungeon Crawl Stone Soup version 0.19-a0-810-ge4e7c75 (webtiles) character file.

109 TheGoonsmith the Chiller (level 4, -4/30 HPs)
             Began as a Merfolk Ice Elementalist on June 28, 2016.
             Was an Initiate of Fedhas.
             Slain by a phantom (8 damage)
             ... on level 3 of the Dungeon.
             The game lasted 00:04:57 (2184 turns).

TheGoonsmith the Chiller (Merfolk Ice Elementalist) Turns: 2184, Time: 00:04:58

Health: -4/30      AC:  7    Str:  8    XL:     4   Next: 90%
Magic:  2/8        EV: 13    Int: 15    God:    Fedhas [......]
Gold:   55         SH:  0    Dex: 14    Spells: 3 memorised, 2 levels left

rFire  . . .     SeeInvis .     n - +0 trident
rCold  . . .     Gourm    .     a - +0 robe
rNeg   . . .     Faith    .     (no shield)
rPois  .         Spirit   .     (no helmet)
rElec  .         Dismiss  .     (no cloak)
rCorr  .         Reflect  .     (no gloves)
SustAt .         Harm     .     (no boots)
MR     .....                    (no amulet)
Stlth  ++........               (no ring)
                                (no ring)

@: icy armour, flying, slow, not resistant to hostile enchantments, unstealthy
A: change form in water, swift swim
a: Renounce Religion


You were on level 3 of the Dungeon.
You worshipped Fedhas.
Fedhas was noncommittal.
You were not hungry.

You visited 1 branch of the dungeon, and saw 3 of its levels.

You collected 55 gold pieces.

Inventory:

Hand Weapons
 e - a +0 club
 h - a -2 hand axe
 k - a +2 vampiric dagger
 n - a +0 trident (weapon)
Armour
 a - a +0 robe (worn)
Scrolls
 d - 2 scrolls of remove curse
 g - a scroll of fear {unknown}
 l - a scroll of identify {unknown}
Potions
 i - a potion of flight
 j - a potion of lignification {unknown}
 m - a potion of ambrosia {unknown}
Books
 b - a book of Frost

   Spells                             Type                      Level
   a - Freeze                         Ice                          1
   b - Throw Frost                    Conjuration/Ice              2
   c - Ozocubu's Armour               Charms/Ice                   3
   d - Throw Icicle                   Conjuration/Ice              4
   e - Summon Ice Beast               Ice/Summoning                4
Comestibles
 f - 2 meat rations


   Skills:
 - Level 2.6 Dodging
 - Level 2.1 Stealth
 + Level 2.7 Spellcasting
 - Level 0.7 Conjurations
 * Level 5.4 Ice Magic


You had 2 spell levels left.
You knew the following spells:

 Your Spells              Type           Power        Failure   Level  Hunger
a - Freeze                Ice            ###.         1%          1    #......
b - Throw Frost           Conj/Ice       ##....       12%         2    ##.....
A - Ozocubu's Armour      Chrm/Ice       ##......     24%         3    ###....


Dungeon Overview and Level Annotations

Branches:
Dungeon (3/15)

Altars:
Ashenzari
Fedhas


Message History

You miss the phantom. The phantom barely misses you.
You barely miss the phantom. The phantom hits you!
* * * LOW HITPOINT WARNING * * *
You are too injured to fight recklessly!
You are too injured to fight recklessly!
You miss the phantom. The phantom hits you.
* * * LOW HITPOINT WARNING * * *
The phantom closely misses you.
It was a potion of flight.
You feel very buoyant.
You fly up into the air.
The phantom hits you but does no damage.
You offer a prayer to Fedhas.
A toadstool grows at your feet.
Some toadstools grow from nearby corpses.
Fedhas appreciates your contribution to the ecosystem.
Fedhas is noncommittal.
The phantom hits you!
You die...
Fedhas appreciates your contribution to the ecosystem.

.......#).....########
.....................
...<...#............#
......(#......#####.#
.......#......## #..#
.......#.......##..#
###..#########.....##
##..#####....W##..###
##..#.....#..@P....#
##..........P.....#
#..........PP......
##...........P....##
#...............$.#
#....................
#.#................#.
...#.................
................


You could see a phantom.

Vanquished Creatures
  Jessica (D:2)
  An adder (D:2)
  3 oozes
  A worm (D:3)
  4 dart slugs (D:1)
  A giant gecko (D:1)
  3 bats
  3 giant cockroaches
  13 goblins
  5 hobgoblins
  5 kobolds
  A quokka (D:2)
  2 giant newts (D:1)
  6 rats
49 creatures vanquished.

Notes
Turn   | Place    | Note
--------------------------------------------------------------
     0 | D:1      | TheGoonsmith the Merfolk Ice Elementalist began the quest for the Orb.
     0 | D:1      | Reached XP level 1. HP: 13/13 MP: 3/3
   216 | D:1      | Reached XP level 2. HP: 15/19 MP: 0/5
   384 | D:1      | Reached skill level 4 in Ice Magic
   652 | D:1      | Reached XP level 3. HP: 17/24 MP: 2/6
  1409 | D:2      | Found a blossoming altar of Fedhas.
  1495 | D:2      | Became a worshipper of Fedhas Madash
  1610 | D:2      | Noticed Jessica
  1615 | D:2      | Reached XP level 4. HP: 30/30 MP: 5/7
  1626 | D:2      | Killed Jessica
  1626 | D:2      | Reached skill level 5 in Ice Magic
  1954 | D:2      | Learned a level 2 spell: Throw Frost
  1958 | D:2      | Learned a level 3 spell: Ozocubu's Armour
  2027 | D:3      | Noticed a phantom
  2037 | D:3      | Found a shattered altar of Ashenzari.
  2184 | D:3      | Slain by a phantom

Vault maps used:
D:1:      dpeg_arrival_leaves_temple_mockup, roderic_lattice_a,
          minmay_misc_feat_columns, serial_bayou_pond_d
D:2:      minmay_misc_feat_iff, fedhas_altar_2, uniq_jessica
D:3:      cheibrodos_ashenzari_chains, nicolae_overflow_hidden_temple,
          lemuel_doored_altar, guppyfry_early_orc_mine

Skill      XL: |  1  2  3  4 |
---------------+-------------+-----
Ice Magic      | 4 5 |  5.4
Dodging        | |  2.6
Stealth        | |  2.1
Spellcasting   | |  2.7
Conjurations   | |  0.7

Action                   |  1- 3 |  4- 6 || total
-------------------------+-------+-------++-------
Melee: Club              |    10 |       ||    10
       Hand axe          |     1 |       ||     1
       Trident           |       |    17 ||    17
       Dagger            |       |     3 ||     3
 Cast: Freeze            |    58 |    17 ||    75
       Ozocubu's Armour  |       |     1 ||     1
  Use: Scroll            |     1 |       ||     1
       Potion            |       |     1 ||     1
 Stab: Sleeping          |       |     1 ||     1
  Eat: Chunk             |     3 |       ||     3
       Bread ration      |     1 |     1 ||     2
Armor: Robe              |     7 |     3 ||    10
Dodge: Dodged            |    29 |    14 ||    43
